 Dungeon Crawl Stone Soup version 0.17-a0-1481-gfdcec5c (webtiles) character file.

49 hexophile the Magician (level 3, 0/28 HPs)
             Began as a Naga Wizard on July 4, 2015.
             Hit by a goblin thrown by Robin (2 damage)
             ... on level 2 of the Dungeon.
             The game lasted 00:02:36 (1697 turns).

hexophile the Magician (Naga Wizard)                Turns: 1697, Time: 00:02:37

Health: 0/28       AC:  2    Str:  9    XL:     3   Next: 75%
Magic:  0/8        EV: 10    Int: 19    God:
Gold:   37         SH:  0    Dex:  9    Spells: 4 memorised, 0 levels left

rFire  . . .     SeeInvis +     f - +0 dagger
rCold  . . .     Clarity  .     a - +0 robe
rNeg   . . .     SustAt   .     (no shield)
rPois  +         Gourm    .     b - +0 hat
rElec  .         Spirit   .     (no cloak)
rCorr  .         Warding  .     (no gloves)
rMut   .         Stasis   .     (no barding)
MR     .....                    (no amulet)
Stlth  ++........               (no ring)
                                (no ring)

@: very slightly contaminated, very slow, not resistant to hostile enchantments,
unstealthy
A: see invisible, deformed body, poison resistance, slowness 2, slow metabolism
1, spit poison 2, AC +1
a: Spit Poison


You were on level 2 of the Dungeon.
You were near starving.

You visited 1 branch of the dungeon, and saw 2 of its levels.

You collected 37 gold pieces.

Inventory:

Hand weapons
 f - a +0 dagger (weapon)
Missiles
 m - 25 stones (quivered)
 o - 22 arrows of flame
Armour
 a - a +0 robe (worn)
 b - a +0 hat (worn)
Scrolls
 e - 2 scrolls of identify {unknown}
 g - a scroll of noise {unknown}
 h - 3 scrolls of immolation {unknown}
 i - a scroll of remove curse {unknown}
Potions
 k - a potion of curing {unknown}
Books
 c - a book of Minor Magic

   Spells                             Type                      Level
   a - Magic Dart                     Conjuration                  1
   b - Blink                          Translocation                2
   c - Call Imp                       Summoning                    2
   d - Repel Missiles                 Charms/Air                   2
   e - Slow                           Hexes                        2
   f - Conjure Flame                  Conjuration/Fire             3
   g - Mephitic Cloud                 Conjuration/Poison/Air       3
Comestibles
 d - 2 bread rations
 j - a slice of pizza
 l - a chunk of flesh
 n - 2 meat rations


   Skills:
 + Level 2.0 Dodging
 - Level 3.0 Stealth
 * Level 3.6 Spellcasting
 * Level 2.0 Conjurations
   Level 1.0 Summonings
 - Level 1.0 Translocations
 * Level 0.4 Air Magic


You couldn't memorise any spells.
You knew the following spells:

 Your Spells              Type           Power        Failure   Level  Hunger
a - Magic Dart            Conj           ##..         10%         1    None
b - Blink                 Tloc           N/A          17%         2    ##.....
c - Conjure Flame         Conj/Fire      #.......     34%         3    ###....
d - Mephitic Cloud        Conj/Pois/Air  #.......     34%         3    ###....


Dungeon Overview and Level Annotations

Branches:
Dungeon (2/15)

Altars:

Annotations:
D:2 Robin


Innate Abilities, Weirdness & Mutations

You cannot wear boots.
Your serpentine skin is tough (AC +1).
You have supernaturally acute eyesight.
Armour fits poorly on your strangely shaped body.
Your system is resistant to poisons.
You cover ground very slowly.
You have a slow metabolism.
You can spit poison.


Message History

You hit the goblin but do no damage. The goblin hits you with a club.
* * * LOW HITPOINT WARNING * * *
The goblin hits you but does no damage. Robin completely misses you.
Casting: Magic Dart
Confirm with . or Enter, or press ? or * to list all spells.
You blink.
A hobgoblin comes into view.
The hobgoblin shouts!
You hear a shout!
Robin flexes a bicep menacingly.
The hobgoblin barely misses you.
Casting: Blink
Confirm with . or Enter, or press ? or * to list all spells.
You miscast Blink.
You feel uncomfortable. Robin closely misses you.
The hobgoblin hits you but does no damage.
Casting: Blink
Confirm with . or Enter, or press ? or * to list all spells.
You blink.
You are near starving!
Robin throws the goblin at you!
You die...

#### ######## #..#
...#...## #..#
........###..
.........##.#
..........#.# #####.#
..).......ยง.###.@g..#
........##.g....#####
...#...#...gg#g###
######...#...#..<# .#
#...####....#..#
...#.### #.##......#
##...### #.#########
.......# #.#
.#####.####g#


You could see Robin, 2 hobgoblins and 2 goblins.

Vanquished Creatures
  2 adders
  An ooze (D:1)
  2 ball pythons
  2 giant cockroaches (D:1)
  7 goblins
  3 hobgoblins (D:1)
  A giant newt (D:1)
  8 kobolds
  A rat (D:1)
27 creatures vanquished.

Notes
Turn   | Place    | Note
--------------------------------------------------------------
     0 | D:1      | hexophile the Naga Wizard began the quest for the Orb.
     0 | D:1      | Reached XP level 1. HP: 15/15 MP: 4/4
   209 | D:1      | Reached XP level 2. HP: 2/22 MP: 1/6
  1131 | D:1      | Reached XP level 3. HP: 28/28 MP: 1/8
  1408 | D:1      | Learned a level 2 spell: Blink
  1412 | D:1      | Learned a level 3 spell: Conjure Flame
  1416 | D:1      | Learned a level 3 spell: Mephitic Cloud
  1676 | D:2      | Noticed Robin
  1697 | D:2      | Hit by a goblin thrown by Robin

Vault maps used:
D:1:      lightli_arrival_chessboard
D:2:      nicolae_overflow_hidden_temple, uniq_jessica, uniq_robin

Action                   || total
-------------------------++-------
Melee: Unarmed           ||    10
       Dagger            ||    16
 Cast: Magic Dart        ||    58
       Blink             ||     2
 Abil: Spit Poison       ||     8
